 Dungeon Crawl Stone Soup version 0.21.1-1-g345015fe64 (webtiles) character file.

41 Ivernyr the Vexing (level 3, 9/28 HPs)
             Began as a Gnoll Arcane Marksman on Mar 21, 2018.
             Quit the game on level 2 of the Dungeon.
             The game lasted 00:04:08 (1487 turns).

Ivernyr the Vexing (Gnoll Arcane Marksman)          Turns: 1487, Time: 00:04:08

Health: 9/28       AC:  2    Str: 12    XL:     3   Next: 52%
Magic:  7/7        EV: 15    Int: 15    God:
Gold:   22         SH:  0    Dex: 16    Spells: 6/7 levels left

rFire    . . .     SeeInvis .   e - +0 whip
rCold    . . .     Gourm    .   (no shield)
rNeg     . . .     Faith    .   a - +0 robe
rPois    .         Spirit   .   (no helmet)
rElec    .         Reflect  .   (no cloak)
rCorr    .         Harm     .   (no gloves)
MR       .....                  (no boots)
Stlth    ++........             (no amulet)
HPRegen  0.09/turn              (no ring)
MPRegen  0.10/turn              (no ring)

@: no status effects
A: distributed training, fangs 1, strong nose
a: no special abilities


You were on level 2 of the Dungeon.
You were not hungry.

You visited 1 branch of the dungeon, and saw 2 of its levels.

You collected 22 gold pieces.

Inventory:

Hand Weapons
 e - a +0 whip (weapon)
Missiles
 c - 4 javelins (quivered)
 d - 2 throwing nets
Armour
 a - a +0 robe (worn)
Scrolls
 g - a scroll of enchant weapon {unknown}
 h - a scroll of magic mapping {unknown}
 j - 2 scrolls of immolation {unknown}
 m - a scroll of fog {unknown}
 n - a scroll of random uselessness {unknown}
Potions
 i - a potion of heal wounds {unknown}
 k - a potion of lignification {unknown}
Books
 b - a book of Debilitation

   Spells                             Type                      Level
   a - Corona                         Hexes                        1
   b - Slow                           Hexes                        2
   c - Inner Flame                    Hexes/Fire                   3
   d - Portal Projectile              Hexes/Translocation          3
   e - Cause Fear                     Hexes                        4
   f - Leda's Liquefaction            Hexes/Earth                  4
Comestibles
 f - 4 rations


   Skills:
 + Level 2.6 Fighting
 + Level 0.8 Short Blades
 + Level 0.8 Long Blades
 + Level 0.8 Axes
 + Level 0.8 Maces & Flails
 + Level 0.8 Polearms
 + Level 0.8 Staves
 + Level 0.8 Slings
 + Level 0.8 Bows
 + Level 0.8 Crossbows
 + Level 4.5 Throwing
 + Level 0.8 Armour
 + Level 4.5 Dodging
 + Level 0.8 Stealth
 + Level 0.8 Shields
 + Level 0.8 Unarmed Combat
 + Level 2.8 Spellcasting
 + Level 0.5 Conjurations
 + Level 5.4 Hexes
 + Level 0.5 Charms
 + Level 0.5 Summonings
 + Level 0.5 Necromancy
 + Level 0.5 Translocations
 + Level 0.5 Transmutations
 + Level 0.5 Fire Magic
 + Level 0.5 Ice Magic
 + Level 0.5 Air Magic
 + Level 0.5 Earth Magic
 + Level 0.5 Poison Magic
 + Level 1.0 Invocations
 + Level 0.8 Evocations


You had 6 spell levels left.
You knew the following spells:

 Your Spells              Type           Power        Failure   Level  Hunger
a - Corona                Hex            ###....      2%          1    #......


Dungeon Overview and Level Annotations

Branches:
Dungeon (2/15)

Altars:


Innate Abilities, Weirdness & Mutations

Your experience applies equally to all skills.
You have very sharp teeth.
Your uncanny sense of smell can sniff out nearby items.


Message History

Aim: a worm (severely wounded)
You throw a javelin. The javelin hits the worm!
You kill the worm!
Throwing (i - inventory. (,) - cycle):
c - 2 javelins (quivered)
Press: ? - help, Shift-Dir - straight line, f - ooze
Aim: an ooze You throw a javelin.
The javelin hits the ooze!
The ooze is almost dead.
Throwing (i - inventory. (,) - cycle):
c - a javelin (quivered)
Press: ? - help, Shift-Dir - straight line, f/p - ooze
Aim: an ooze (almost dead)
You throw a javelin. The javelin hits the ooze.
You kill the ooze!
Your Invocations skill increases to level 1!
c - a javelin
c - 3 javelins (gained 2)
c - 4 javelins (gained 1)
There is a stone staircase leading down here.
You see here a leopard gecko corpse.
Are you sure you want to abandon this character and quit the game? (Confirm with "yes".)

#. #.## #..## #
...# #. #..# #..
#..#
###..#######..###
................##
#.........@.>...#
#....$†####..#..#
..%.....# #..#..#
##....[## #..#..#
#.<... #..##.#
###.#. #..##.#
..#% ...##.# .####
...###.# #...#.
#### #.#


There were no monsters in sight!

Vanquished Creatures
  An ooze (D:2)
  A worm (D:2)
  A dart slug (D:1)
  2 leopard geckos (D:2)
  4 bats (D:1)
  A giant cockroach (D:1)
  3 goblins (D:1)
  A hobgoblin (D:1)
  4 jackals (D:1)
  A quokka (D:2)
  3 frilled lizards
  5 kobolds
  A rat (D:1)
28 creatures vanquished.

Notes
Turn   | Place    | Note
-------+----------+-------------------------------------------
     0 | D:1      | Ivernyr the Gnoll Arcane Marksman began the quest for the Orb.
     0 | D:1      | Reached XP level 1. HP: 17/17 MP: 4/4
   125 | D:1      | Reached XP level 2. HP: 8/23 MP: 3/5
  1042 | D:1      | Reached XP level 3. HP: 27/28 MP: 5/7
  1469 | D:2      | Reached skill level 1 in Invocations
  1487 | D:2      | Quit the game

Skill      XL: |  1  2  3 |
---------------+----------+-----
Invocations    | 1 |  1.0
Fighting       | |  2.6
Short Blades   | |  0.8
Long Blades    | |  0.8
Axes           | |  0.8
Maces & Flails | |  0.8
Polearms       | |  0.8
Staves         | |  0.8
Slings         | |  0.8
Bows           | |  0.8
Crossbows      | |  0.8
Throwing       | |  4.5
Armour         | |  0.8
Dodging        | |  4.5
Stealth        | |  0.8
Shields        | |  0.8
Unarmed Combat | |  0.8
Spellcasting   | |  2.8
Conjurations   | |  0.5
Hexes          | |  5.4
Charms         | |  0.5
Summonings     | |  0.5
Necromancy     | |  0.5
Translocations | |  0.5
Transmutations | |  0.5
Fire Magic     | |  0.5
Ice Magic      | |  0.5
Air Magic      | |  0.5
Earth Magic    | |  0.5
Poison Magic   | |  0.5
Evocations     | |  0.8

Action                   || total
-------------------------++-------
Melee: Club              ||    67
       Unarmed           ||     3
       Bite              ||     5
       Whip              ||    44
Throw: Javelin           ||     5
 Cast: Corona            ||    13
 Stab: Sleeping          ||     1
  Eat: Chunk             ||     2
Armor: Robe              ||    28
Dodge: Dodged            ||   116
